| TOP OF THE 1ST |
|
Las Vegas 51s batting - Pitching for El Paso Chihuahuas : RHP Jorge Guerrero
|
|
Pitching: RHP Jorge Guerrero
|
|
|
Batting: SHB Jason Larson
|
0-0: Ball 1-0: Ball 2-0: Ball 3-0: Called Strike 3-1: Base on Balls
|
|
Batting: RHB Ken Fitzpatrick
|
0-0: Ball 1-0: Fly out, F8 (Flyball, 78M, EV 78.1 MPH)
|
|
Batting: RHB Josh Jones
|
0-0: Ball Jason Larson steals 2nd base 1-0: Ball 2-0: Called Strike 2-1: Ground out U3 (Groundball, 3S, EV 78.1 MPH) Jason Larson to third
|
|
Batting: SHB Harrison Feist
|
0-0: Called Strike 0-1: SINGLE (Groundball, 34D, EV 99.4 MPH) Jason Larson scores
|
|
Batting: LHB Bill Armijo
|
0-0: Ball 1-0: Ball 2-0: SINGLE (Line Drive, 9S, EV 105.6 MPH) Harrison Feist to second
|
|
Batting: SHB Nelson Powell
|
0-0: Foul Ball, location: 2F 0-1: Ball 1-1: Foul Ball, location: 2F 1-2: Foul Ball, location: 2F 1-2: Ball 2-2: Fielders Choice at 2nd, 6-4 (Groundball, 6, EV 89.4 MPH)
|
| Top of the 1st over - 1 run, 2 hits, 0 errors, 2 left on base; Las Vegas 1 - El Paso 0 |
| BOTTOM OF THE 1ST |
|
El Paso Chihuahuas batting - Pitching for Las Vegas 51s : RHP Austin Kuhn
|
|
Pitching: RHP Austin Kuhn
|
|
|
Batting: LHB Angel Mejia
|
0-0: Ball 1-0: Ball 2-0: Ball 3-0: Called Strike 3-1: Base on Balls
|
|
Batting: RHB Roberto Lemus
|
0-0: Foul Ball, location: 2F 0-1: Grounds into double play, 5-4-3 (Groundball, 56, EV 80.6 MPH)
|
|
Batting: SHB Adam Martin
|
0-0: Ball 1-0: SINGLE (Groundball, 34D, EV 100.6 MPH)
|
|
Batting: RHB Jose Morrissey
|
0-0: Ball Adam Martin steals 2nd base 1-0: Called Strike 1-1: Ball 2-1: Ball 3-1: Foul Ball, location: 2F 3-2: Strikes out swinging
|
| Bottom of the 1st over - 0 runs, 1 hit, 0 errors, 1 left on base; Las Vegas 1 - El Paso 0 |
| TOP OF THE 2ND |
|
Las Vegas 51s batting - Pitching for El Paso Chihuahuas : RHP Jorge Guerrero
|
|
Batting: RHB Devine Adams
|
0-0: Called Strike 0-1: Ball 1-1: Ball 2-1: Ball 3-1: Ground out 5-3 (Groundball, 56, EV 103.8 MPH)
|
|
Batting: LHB Jose Chavez
|
0-0: Swinging Strike 0-1: Called Strike 0-2: Foul Ball, location: 2F 0-2: Ball 1-2: Strikes out swinging
|
|
Batting: RHB Alex Vasquez
|
0-0: Ball 1-0: Foul Ball, location: 2F 1-1: Foul Ball, location: 2F 1-2: Ball 2-2: Ball 3-2: Ground out 6-3 (Groundball, 6, EV 98.8 MPH)
|
| Top of the 2nd over - 0 runs, 0 hits, 0 errors, 0 left on base; Las Vegas 1 - El Paso 0 |
| BOTTOM OF THE 2ND |
|
El Paso Chihuahuas batting - Pitching for Las Vegas 51s : RHP Austin Kuhn
|
|
Batting: RHB Andy Sheridan
|
0-0: Ball 1-0: Ball 2-0: Called Strike 2-1: Ball 3-1: Base on Balls
|
|
Batting: RHB Eric Sandell
|
0-0: Ball 1-0: Swinging Strike 1-1: Ball 2-1: Ball 3-1: Base on Balls Andy Sheridan to second
|
|
Batting: LHB Hugo MacBeth
|
0-0: Called Strike 0-1: Ball 1-1: SINGLE (Groundball, 34D, EV 101.2 MPH) Andy Sheridan to third Eric Sandell to second
|
|
Batting: LHB Anthony Mosley
|
0-0: Ball 1-0: Called Strike 1-1: Ball 2-1: Foul Ball, location: 2F 2-2: Foul Ball, location: 2F 2-2: Strikes out swinging
|
|
Batting: RHB Lamberto Amicis
|
0-0: Ball 1-0: Fielders Choice at 2nd, 6-4 (Groundball, 56, EV 104.4 MPH) Andy Sheridan scores Eric Sandell to third
|
|
Batting: LHB Angel Mejia
|
0-0: Foul Ball, location: 2F 0-1: Foul Ball, location: 2F 0-2: Ball 1-2: Foul Ball, location: 2F 1-2: Hit by Pitch Lamberto Amicis to second
|
|
Batting: RHB Roberto Lemus
|
0-0: Fielders Choice at 2nd, 5-4 (Groundball, 56, EV 86.9 MPH)
|
| Bottom of the 2nd over - 1 run, 1 hit, 0 errors, 3 left on base; Las Vegas 1 - El Paso 1 |
| TOP OF THE 3RD |
|
Las Vegas 51s batting - Pitching for El Paso Chihuahuas : RHP Jorge Guerrero
|
|
Batting: SHB Jason Larson
|
0-0: Ground out 2-3 (Groundball, 2L, EV 62.5 MPH)
|
|
Batting: RHB Ken Fitzpatrick
|
0-0: Swinging Strike 0-1: Ball 1-1: Swinging Strike 1-2: Strikes out looking
|
|
Batting: RHB Josh Jones
|
0-0: Ball 1-0: Swinging Strike 1-1: Ball 2-1: Called Strike 2-2: Foul Ball, location: 2F 2-2: Strikes out swinging
|
| Top of the 3rd over - 0 runs, 0 hits, 0 errors, 0 left on base; Las Vegas 1 - El Paso 1 |
| BOTTOM OF THE 3RD |
|
El Paso Chihuahuas batting - Pitching for Las Vegas 51s : RHP Austin Kuhn
|
|
Batting: SHB Adam Martin
|
0-0: Called Strike 0-1: SINGLE (Groundball, P, EV 81.9 MPH) (infield hit)
|
|
Batting: RHB Jose Morrissey
|
0-0: Foul Ball, location: 2F 0-1: SINGLE (Line Drive, 7S, EV 112.5 MPH) Adam Martin to second
|
|
Batting: RHB Andy Sheridan
|
0-0: Called Strike 0-1: Ball 1-1: Swinging Strike 1-2: Ball 2-2: Ball 3-2: Base on Balls Adam Martin to third Jose Morrissey to second
|
|
Batting: RHB Eric Sandell
|
0-0: Grounds into double play, 3-6-3 (Groundball, 34, EV 80.6 MPH) Adam Martin scores Jose Morrissey to third
|
|
Batting: LHB Hugo MacBeth
|
0-0: Ball 1-0: Swinging Strike 1-1: Swinging Strike 1-2: Foul Ball, location: 2F 1-2: Strikes out swinging
|
| Bottom of the 3rd over - 1 run, 2 hits, 0 errors, 1 left on base; Las Vegas 1 - El Paso 2 |
| TOP OF THE 4TH |
|
Las Vegas 51s batting - Pitching for El Paso Chihuahuas : RHP Jorge Guerrero
|
|
Batting: SHB Harrison Feist
|
0-0: Ground out 1-3 (Groundball, 13S, EV 60.6 MPH)
|
|
Batting: LHB Bill Armijo
|
0-0: Foul Ball, location: 2F 0-1: Fly out, F9 (Flyball, 89M, EV 80.0 MPH)
|
|
Batting: SHB Nelson Powell
|
0-0: Fly out, F9 (Flyball, 9, EV 87.5 MPH)
|
| Top of the 4th over - 0 runs, 0 hits, 0 errors, 0 left on base; Las Vegas 1 - El Paso 2 |
| BOTTOM OF THE 4TH |
|
El Paso Chihuahuas batting - Pitching for Las Vegas 51s : RHP Austin Kuhn
|
|
Batting: LHB Anthony Mosley
|
0-0: Ball 1-0: Ball 2-0: Ball 3-0: Called Strike 3-1: Base on Balls
|
|
Batting: RHB Lamberto Amicis
|
0-0: Called Strike 0-1: Called Strike 0-2: SINGLE (Groundball, 6MD, EV 103.1 MPH) Anthony Mosley to second Runner from 2nd tries for 3rd, SAFE, throw by CF made to third
|
|
Now in LF: Darwin Mills
|
|
|
Now in CF: Bill Armijo
|
|
|
Batting: LHB Angel Mejia
|
0-0: Called Strike 0-1: Swinging Strike 0-2: Ball 1-2: SINGLE (Groundball, 34S, EV 66.2 MPH) (infield hit) Lamberto Amicis to second
|
|
Batting: RHB Roberto Lemus
|
0-0: Called Strike 0-1: Called Strike 0-2: Foul Ball, location: 2F 0-2: Strikes out swinging
|
|
Batting: SHB Adam Martin
|
0-0: Called Strike 0-1: Ball 1-1: Foul Ball, location: 2F 1-2: Foul Ball, location: 2F 1-2: Ball 2-2: Strikes out looking
|
|
Batting: RHB Jose Morrissey
|
0-0: Ground out 3-1 (Groundball, 34S, EV 90.0 MPH)
|
| Bottom of the 4th over - 0 runs, 2 hits, 0 errors, 3 left on base; Las Vegas 1 - El Paso 2 |
| TOP OF THE 5TH |
|
Las Vegas 51s batting - Pitching for El Paso Chihuahuas : RHP Jorge Guerrero
|
|
Batting: RHB Darwin Mills
|
0-0: Called Strike 0-1: Ball 1-1: Ball 2-1: Ball 3-1: Base on Balls
|
|
Batting: LHB Jose Chavez
|
0-0: Called Strike 0-1: Swinging Strike 0-2: Ball 1-2: Ball 2-2: Ball 3-2: Base on Balls Darwin Mills to second
|
|
Batting: RHB Alex Vasquez
|
0-0: Ball 1-0: Ball 2-0: Ball 3-0: Foul Ball, location: 2F 3-1: Hit by Pitch Darwin Mills to third Jose Chavez to second
|
|
Batting: SHB Jason Larson
|
0-0: Ball 1-0: Ball 2-0: Called Strike 2-1: Swinging Strike 2-2: SINGLE (Groundball, 4M, EV 103.1 MPH) (infield hit) Darwin Mills scores Jose Chavez to third Alex Vasquez to second
|
|
Batting: RHB Ken Fitzpatrick
|
0-0: Ball 1-0: Ball 2-0: Fly out, F3 (Popup, 3SF, EV 79.4 MPH)
|
|
Batting: RHB Josh Jones
|
0-0: Fly out, F7 (Flyball, 7, EV 89.4 MPH) Runner from 3rd tags up, OUT at HOME! 7-2
|
| Top of the 5th over - 1 run, 1 hit, 0 errors, 2 left on base; Las Vegas 2 - El Paso 2 |
| BOTTOM OF THE 5TH |
|
El Paso Chihuahuas batting - Pitching for Las Vegas 51s : RHP Austin Kuhn
|
|
Batting: RHB Andy Sheridan
|
0-0: Ball 1-0: Ground out 4-3 (Groundball, 4, EV 102.5 MPH)
|
|
Batting: RHB Eric Sandell
|
0-0: Ball 1-0: Foul Ball, location: 2F 1-1: Called Strike 1-2: Ball 2-2: Foul Ball, location: 2F 2-2: SINGLE (Line Drive, 78S, EV 110.0 MPH)
|
|
Batting: LHB Hugo MacBeth
|
0-0: Ball 1-0: Ball 2-0: Foul Ball, location: 2F 2-1: Ball Wild Pitch! Eric Sandell to second 3-1: Called Strike 3-2: Foul Ball, location: 2F 3-2: Base on Balls
|
|
Batting: LHB Anthony Mosley
|
0-0: Called Strike 0-1: Called Strike 0-2: Ball 1-2: Foul Ball, location: 2F 1-2: Foul Ball, location: 2F 1-2: Grounds into double play, 4-6-3 (Groundball, 4, EV 83.8 MPH)
|
| Bottom of the 5th over - 0 runs, 1 hit, 0 errors, 1 left on base; Las Vegas 2 - El Paso 2 |
| TOP OF THE 6TH |
|
Las Vegas 51s batting - Pitching for El Paso Chihuahuas : RHP Jorge Guerrero
|
|
Batting: SHB Harrison Feist
|
0-0: Ball 1-0: SINGLE (Flyball, 7LS, EV 96.9 MPH)
|
|
Batting: LHB Bill Armijo
|
0-0: Ball 1-0: Ball 2-0: Ball 3-0: Fly out, F8 (Flyball, 8LS, EV 80.6 MPH)
|
|
Batting: SHB Nelson Powell
|
0-0: Ball 1-0: Swinging Strike 1-1: Called Strike 1-2: Ball 2-2: Ball 3-2: Base on Balls Harrison Feist to second
|
|
Batting: RHB Darwin Mills
|
0-0: Ball 1-0: Ball 2-0: Grounds into double play, 6-4-3 (Groundball, 6, EV 88.8 MPH)
|
| Top of the 6th over - 0 runs, 1 hit, 0 errors, 1 left on base; Las Vegas 2 - El Paso 2 |
| BOTTOM OF THE 6TH |
|
El Paso Chihuahuas batting - Pitching for Las Vegas 51s : RHP Austin Kuhn
|
|
Pitching: RHP Jason Vulich
|
|
|
Batting: RHB Lamberto Amicis
|
0-0: Ball 1-0: Called Strike 1-1: Swinging Strike 1-2: Foul Ball, location: 2F 1-2: Strikes out swinging
|
|
Batting: LHB Angel Mejia
|
0-0: Ball 1-0: Ground out 6-3 (Groundball, 6, EV 76.2 MPH)
|
|
Batting: RHB Roberto Lemus
|
0-0: Ball 1-0: Ball 2-0: Called Strike 2-1: Foul Ball, location: 2F 2-2: Strikes out swinging
|
| Bottom of the 6th over - 0 runs, 0 hits, 0 errors, 0 left on base; Las Vegas 2 - El Paso 2 |
| TOP OF THE 7TH |
|
Las Vegas 51s batting - Pitching for El Paso Chihuahuas : RHP Jorge Guerrero
|
|
Batting: LHB Jose Chavez
|
0-0: Foul Ball, location: 2F 0-1: Foul Ball, location: 2F 0-2: Ball 1-2: Ball 2-2: Foul Ball, location: 2F 2-2: Foul Ball, location: 2F 2-2: Ball 3-2: Foul Ball, location: 2F 3-2: Base on Balls
|
|
Pitching: RHP Adrian de la Cerda
|
|
|
Batting: RHB Alex Vasquez
|
0-0: Ball 1-0: Ball 2-0: Foul Ball, location: 2F 2-1: Fly out, F7 (Flyball, 7LS, EV 76.9 MPH)
|
|
Batting: SHB Jason Larson
|
0-0: Ball 1-0: Ball 2-0: Foul Ball, location: 2F 2-1: Ball 3-1: SINGLE (Groundball, 6MS, EV 66.2 MPH) (infield hit) Jose Chavez to second
|
|
Batting: RHB Ken Fitzpatrick
|
0-0: Ball 1-0: Called Strike 1-1: SINGLE (Line Drive, 9LS, EV 94.4 MPH) Jose Chavez to third Jason Larson to second
|
|
Batting: RHB Josh Jones
|
0-0: Foul Ball, location: 2F 0-1: Swinging Strike 0-2: Ball 1-2: Foul Ball, location: 2F 1-2: Ball 2-2: Ball 3-2: SINGLE (Groundball, 4D, EV 98.1 MPH) Jose Chavez scores Jason Larson to third Ken Fitzpatrick to second Runner from 3rd tries for Home, SAFE, throw by CF to home
|
|
Batting: SHB Harrison Feist
|
0-0: Ball 1-0: Ball Ken Fitzpatrick steals 3rd base Josh Jones to second 2-0: Foul Ball, location: 2F 2-1: Swinging Strike 2-2: Strikes out swinging
|
|
Pitching: LHP Darby Jones
|
|
|
Batting: LHB Bill Armijo
|
0-0: Fly out, F8 (Line Drive, 8RD, EV 90.6 MPH)
|
| Top of the 7th over - 2 runs, 3 hits, 0 errors, 2 left on base; Las Vegas 4 - El Paso 2 |
| BOTTOM OF THE 7TH |
|
El Paso Chihuahuas batting - Pitching for Las Vegas 51s : RHP Jason Vulich
|
|
Batting: SHB Adam Martin
|
0-0: Ball 1-0: Called Strike 1-1: Ball 2-1: Ball 3-1: Foul Ball, location: 2F 3-2: Base on Balls
|
|
Batting: RHB Jose Morrissey
|
0-0: Ball 1-0: SINGLE (Line Drive, 9S, EV 95.0 MPH) Adam Martin to second Runner from 2nd tries for 3rd, SAFE, throw by RF made to third
|
|
Batting: RHB Andy Sheridan
|
0-0: Foul Ball, location: 2F 0-1: Foul Ball, location: 2F 0-2: Ball 1-2: Grounds into double play, 4-6-3 (Groundball, 4, EV 96.9 MPH) Adam Martin scores
|
|
Batting: RHB Eric Sandell
|
0-0: Foul Ball, location: 2F 0-1: Ground out 5-3 (Groundball, 5, EV 83.1 MPH)
|
| Bottom of the 7th over - 1 run, 1 hit, 0 errors, 0 left on base; Las Vegas 4 - El Paso 3 |
| TOP OF THE 8TH |
|
Las Vegas 51s batting - Pitching for El Paso Chihuahuas : LHP Darby Jones
|
|
Pitching: RHP Carlos Sepulveda
|
|
|
Batting: SHB Nelson Powell
|
0-0: Foul Ball, location: 2F 0-1: Swinging Strike 0-2: Ball 1-2: Strikes out swinging
|
|
Batting: RHB Darwin Mills
|
0-0: Swinging Strike 0-1: Foul Ball, location: 2F 0-2: Ball 1-2: Foul Ball, location: 2F 1-2: Ball 2-2: Fly out, F8 (Flyball, 8RXD, EV 75.0 MPH)
|
|
Batting: LHB Jose Chavez
|
0-0: Called Strike 0-1: Called Strike 0-2: Ground out 6-3 (Groundball, 6MS, EV 66.9 MPH)
|
| Top of the 8th over - 0 runs, 0 hits, 0 errors, 0 left on base; Las Vegas 4 - El Paso 3 |
| BOTTOM OF THE 8TH |
|
El Paso Chihuahuas batting - Pitching for Las Vegas 51s : RHP Jason Vulich
|
|
Batting: LHB Hugo MacBeth
|
0-0: Swinging Strike 0-1: Called Strike 0-2: Ball 1-2: Ground out 6-3 (Groundball, 6, EV 96.9 MPH)
|
|
Batting: LHB Anthony Mosley
|
0-0: Ball 1-0: Fly out, F8 (Line Drive, 78D, EV 92.5 MPH)
|
|
Pinch Hitting: SHB Blake Abbott
|
0-0: Called Strike 0-1: Ball 1-1: SINGLE (Line Drive, 9LS, EV 98.1 MPH)
|
|
Batting: LHB Angel Mejia
|
0-0: Foul Ball, location: 2F 0-1: Ball 1-1: Hit by Pitch Blake Abbott to second
|
|
Pinch Runner at 2nd Kiril Emeshin:
|
|
|
Batting: RHB Roberto Lemus
|
0-0: Ball 1-0: Foul Ball, location: 2F 1-1: Ball 2-1: SINGLE (Flyball, 8RS, EV 96.9 MPH) Kiril Emeshin to third Angel Mejia to second Runner from 3rd tries for Home, SAFE, throw by CF to home
|
|
Batting: SHB Adam Martin
|
0-0: Swinging Strike 0-1: Ball 1-1: Ball 2-1: Foul Ball, location: 2F 2-2: 3-RUN HOME RUN (Flyball, 78XD, EV 108.1 MPH), Distance : 430 ft
|
|
Pitching: LHP Jonathan Gendron
|
|
|
Batting: RHB Jose Morrissey
|
0-0: Foul Ball, location: 2F 0-1: Swinging Strike 0-2: Ball 1-2: Ball 2-2: Ball 3-2: Foul Ball, location: 2F 3-2: Foul Ball, location: 2F 3-2: Foul Ball, location: 2F 3-2: Foul Ball, location: 2F 3-2: Foul Ball, location: 2F 3-2: Strikes out swinging
|
| Bottom of the 8th over - 4 runs, 3 hits, 0 errors, 0 left on base; Las Vegas 4 - El Paso 7 |
| TOP OF THE 9TH |
|
Las Vegas 51s batting - Pitching for El Paso Chihuahuas : RHP Carlos Sepulveda
|
|
Pitching: RHP Ching Ge
|
|
|
Now at SS: Kiril Emeshin
|
|
|
Batting: RHB Alex Vasquez
|
0-0: Called Strike 0-1: Ball 1-1: Called Strike 1-2: Foul Ball, location: 2F 1-2: Ball 2-2: Strikes out swinging
|
|
Batting: SHB Jason Larson
|
0-0: Ball 1-0: Swinging Strike 1-1: Fly out, F9 (Flyball, 89M, EV 79.4 MPH)
|
|
Batting: RHB Ken Fitzpatrick
|
0-0: Fly out, F8 (Flyball, 8LXD, EV 93.8 MPH)
|
| Top of the 9th over - 0 runs, 0 hits, 0 errors, 0 left on base; Las Vegas 4 - El Paso 7 |
|